 Dungeon Crawl Stone Soup version 0.23.1-41-g7e51ed3 (webtiles) character file.

Game seed: 136003851097965806

32 sagitran the Magician (level 3, -5/27 HPs)
             Began as a Human Wanderer on Mar 29, 2019.
             Slain by a worm (8 damage)
             ... on level 2 of the Dungeon.
             The game lasted 00:08:28 (941 turns).

sagitran the Magician (Human Wanderer)               Turns: 941, Time: 00:08:28

Health: -5/27      AC:  4    Str: 14    XL:     3   Next: 42%
Magic:  5/8        EV: 10    Int: 12    God:
Gold:   42         SH:  3    Dex: 11    Spells: 5/9 levels left

rFire    . . .     SeeInvis .   e - +1 dagger (curse)
rCold    . . .     Gourm    .   c - +0 buckler
rNeg     . . .     Faith    .   d - +0 robe
rPois    .         Spirit   .   (no helmet)
rElec    .         Reflect  .   (no cloak)
rCorr    .         Harm     .   (no gloves)
MR       .....     Rnd*Tele +   (no boots)
Stlth    +.........             (no amulet)
HPRegen  0.09/turn              (no ring)
MPRegen  0.11/turn              (no ring)

@: very slightly contaminated
A: thin metallic scales 1, teleportitis 1
a: no special abilities


You were on level 2 of the Dungeon.
You were not hungry.

You visited 1 branch of the dungeon, and saw 2 of its levels.

You collected 42 gold pieces.

Inventory:

Hand Weapons
 e - a cursed +1 dagger (weapon)
Armour
 c - a +0 buckler (worn)
 d - a +0 robe (worn)
Scrolls
 a - 4 scrolls of enchant weapon
Potions
 h - a potion of magic {unknown}


   Skills:
 + Level 2.2 Fighting
 + Level 1.2 Short Blades
 + Level 0.2 Stealth
 + Level 1.0 Shields
 + Level 3.5 Spellcasting
 + Level 0.4 Transmutations
 + Level 1.4 Ice Magic
   Level 1.0 Earth Magic
   Level 1.0 Evocations


You had 5 spell levels left.
You knew the following spells:

 Your Spells              Type           Power        Failure   Level  Hunger
a - Freeze                Ice            #...         19%         1    #......
b - Beastly Appendage     Tmut           #.....       28%         1    #......
c - Throw Frost           Conj/Ice       #.....       36%         2    ##.....

Your spell library contained the following spells:

 Spells                   Type           Power        Failure   Level  Hunger
 Ozocubu's Armour         Chrm/Ice       #.......     58%         3    ###....
 Ignite Poison            Fire/Tmut/Pois #.......     67%         3    ###....
 Summon Ice Beast         Ice/Summ       #.......     94%         4    #####..
 Throw Icicle             Conj/Ice       #.......     94%         4    #####..


Dungeon Overview and Level Annotations

Branches:
Dungeon (2/15)

Altars:


Innate Abilities, Weirdness & Mutations

You are partially covered in thin metallic scales. (AC +2)
You are occasionally teleported next to monsters.


Message History

You hit the worm.
The worm is lightly wounded.
The leopard gecko closely misses you. The leopard gecko barely misses you.
Found a ration.
You hit the leopard gecko.
The leopard gecko is almost dead.
You block the leopard gecko's attack.
The leopard gecko bites you but does no damage.
You hit the worm.
The worm is lightly wounded.
The worm closely misses you.
You barely miss the worm.
The worm is lightly wounded.
You barely miss the worm.
The worm is lightly wounded.
The worm bites you!
* * * LOW HITPOINT WARNING * * *
You barely miss the worm. The worm bites you!
You die...

.... ...
##.# ###..#
#)..# .
##.#####....
#..l.....#
#.#w######
#..@#
..%...###
......#
...!.##
...?# ....
...##


You could see a worm and a leopard gecko.

Vanquished Creatures
  A dart slug (D:1)
  2 giant cockroaches (D:1)
  3 goblins (D:1)
  6 hobgoblins
  7 jackals (D:1)
  4 kobolds (D:1)
  2 rats (D:1)
25 creatures vanquished.

Notes
Turn   | Place    | Note
-------+----------+-------------------------------------------
     0 | D:1      | sagitran the Human Wanderer began the quest for the Orb.
     0 | D:1      | sagitran set off with the following items: a +0 club, a +0
                  | buckler, a +0 robe, a ration; and the following spells
                  | available to memorise: Freeze, Beastly Appendage, Throw
                  | Frost, Ozocubu's Armour, Ignite Poison, Summon Ice Beast,
                  | Throw Icicle
     0 | D:1      | Reached XP level 1. HP: 16/16 MP: 4/4
    55 | D:1      | Learned a level 1 spell: Freeze
    57 | D:1      | Learned a level 1 spell: Beastly Appendage
   176 | D:1      | Reached XP level 2. HP: 21/22 MP: 1/6
   771 | D:1      | Learned a level 2 spell: Throw Frost
   800 | D:1      | Reached XP level 3. HP: 26/27 MP: 1/7
   843 | D:1      | Gained mutation: You are occasionally teleported next to
                  | monsters. [potion of mutation]
   843 | D:1      | Gained mutation: You are partially covered in thin metallic
                  | scales. (AC +2) [potion of mutation]
   941 | D:2      | Slain by a worm

Action                   || total
-------------------------++-------
Melee: Dagger            ||    87
       Headbutt          ||     1
 Cast: Freeze            ||    19
       Beastly Appendage ||     2
       Throw Frost       ||     2
  Use: Scroll            ||     2
       Potion            ||     1
 Stab: Distracted        ||     1
  Eat: Ration            ||     1
Armor: Robe              ||    31
Dodge: Dodged            ||    57
Block: Buckler           ||    15
